AoeStats
← gokulsurya003

Black Forest

510610863Analyzed
4v4 RM · 10h ago on Oct 1, 2026· 80m 37s· 8 players
Game mode
Random Map
Map size
Large (8 player)
Population
200
Speed
Normal
Resources
Standard
Victory
Conquest
Starting age
Dark Age
Ending age
Imperial Age
RankedLock teamsTeams togetherTeam positionsShared explorationLock speedFull tech treeHidden civsTurbo modeCheats
Victory
Defeat
🇧🇷 Bohemians · Brazil
659
+15
🇧🇪 Persians · Belgium
656
+15
🇨🇿 Dravidians · Czechia
570
+19
🇵🇪 Vietnamese · Peru
539
+20
🇮🇳 Byzantines · India
754
-22
🇨🇿 Khmer · Czechia
748
-21
🇨🇳 Vietnamese · China
677
-19
🇫🇷 Britons · France
353
-7
Lukrat
0:47 Loom
14:06 Feudal Age
15:29 Wheelbarrow
14:46 Double-Bit Axe
14:55 Gold Mining
14:56 Stone Mining
14:57 Town Watch
19:47 Horse Collar
29:25 Castle Age
27:39 Fletching
27:50 Padded Archer Armor
29:06 Forging
28:56 Scale Mail Armor
29:02 Scale Barding Armor
29:13 Arson
30:43 Hand Cart
30:31 Heavy Plow
30:53 Bow Saw
32:03 Bodkin Arrow
32:26 Leather Archer Armor
32:46 Fortified Wall
33:26 Murder Holes
33:39 Squires
33:03 Pikeman
37:26 Town Watch
38:02 Caravan
39:14 Thumb Ring
39:32 Chain Barding Armor
43:52 Imperial Age
41:48 Masonry
42:18 Iron Casting
43:27 Medical Corps
44:27 Chain Mail Armor
46:35 Two-Man Saw
45:53 Town Patrol
46:31 Guilds
45:49 Siege Elephant
46:13 Elite Elephant Archer
47:11 Bracer
47:42 Ring Archer Armor
48:13 Blast Furnace
47:43 Conscription
48:25 Wootz Steel
48:41 Plate Mail Armor
47:55 Halberdier
52:39 Elite Urumi Swordsman
55:30 Chemistry
54:52 Ballistics
54:47 Gambesons
54:22 Man-at-Arms
60:35 Long Swordsman
64:04 Two-Handed Swordsman
66:12 Champion
78:26 Spies/Treason
AlarmingSquid25
5:35 Loom
19:43 Feudal Age
26:14 Castle Age
24:50 Double-Bit Axe
25:16 Stone Mining
25:39 Gold Mining
25:52 Horse Collar
27:03 Wheelbarrow
26:14 Town Watch
27:18 Bow Saw
27:45 Heavy Plow
29:11 Gold Shaft Mining
36:18 Imperial Age
34:39 Fletching
35:04 Masonry
36:11 Kamandaran
36:29 Thumb Ring
35:57 Crossbowman
38:29 Conscription
38:34 Ballistics
38:12 Bodkin Arrow
40:24 Two-Man Saw
40:09 Padded Archer Armor
41:39 Crop Rotation
43:00 Leather Archer Armor
43:48 Chemistry
45:54 Architecture
45:20 Murder Holes
46:23 Ring Archer Armor
46:05 Forging
46:02 Scale Barding Armor
48:12 Hand Cart
47:58 Town Patrol
48:06 Scale Mail Armor
49:55 Iron Casting
49:41 Chain Barding Armor
50:35 Hoardings
52:28 Elite War Elephant
54:55 Blast Furnace
54:31 Plate Barding Armor
56:57 Chain Mail Armor
67:50 Caravan
Althair
14:54 Feudal Age
16:26 Wheelbarrow
18:16 Loom
19:03 Horse Collar
25:08 Castle Age
23:59 Double-Bit Axe
24:14 Gold Mining
26:29 Hand Cart
27:20 Heavy Plow
27:33 Bow Saw
30:20 Imperial Age
28:38 Treadmill Crane
29:23 Caravan
32:50 Two-Man Saw
32:37 Crop Rotation
33:25 Stone Mining
35:43 Pikeman
36:24 Squires
39:53 Chemistry
39:23 Crossbowman
40:11 Padded Archer Armor
40:02 Fletching
40:22 Forging
40:14 Scale Mail Armor
40:19 Scale Barding Armor
41:26 Bodkin Arrow
41:47 Leather Archer Armor
41:55 Paper Money
40:58 Elite Rattan Archer
41:30 Onager
43:43 Chatras
43:51 Husbandry
44:01 Bloodlines
43:15 Arbalester
43:15 Elite Skirmisher
43:21 Halberdier
46:44 Bombard Tower
46:45 Ballistics
46:36 Siege Engineers
47:04 Thumb Ring
46:22 Man-at-Arms
46:50 Arson
46:31 Imperial Skirmisher
48:17 Long Swordsman
48:56 Elite Battle Elephant
54:20 Bracer
54:51 Ring Archer Armor
54:37 Chain Mail Armor
54:58 Iron Casting
54:45 Chain Barding Armor
61:23 Plate Mail Armor
61:30 Plate Barding Armor
60:27 Two-Handed Swordsman
60:31 Heavy Cavalry Archer
69:52 Theocracy
Blinkstriker
11:08 Feudal Age
11:44 Double-Bit Axe
13:23 Wheelbarrow
12:32 Horse Collar
19:46 Castle Age
22:37 Hand Cart
22:37 Fervor
29:56 Chemistry
29:18 Ballistics
29:29 Caravan
32:33 Fletching
35:25 Imperial Age
32:46 Town Watch
33:22 Elite Skirmisher
35:29 Fletching
35:40 Padded Archer Armor
35:38 Murder Holes
35:54 Masonry
40:41 Scale Mail Armor
40:39 Bodkin Arrow
40:07 Houfnice
40:59 Siege Engineers
41:50 Squires
41:14 Pikeman
42:11 Leather Archer Armor
41:59 Bracer
42:10 Forging
42:17 Chain Mail Armor
41:30 Imperial Skirmisher
44:51 Ring Archer Armor
44:45 Bombard Tower
44:23 Halberdier
51:37 Architecture
52:07 Conscription
51:54 Wagenburg Tactics
56:04 Fortified Wall
59:08 Town Patrol
69:59 Iron Casting
69:56 Plate Mail Armor
Notgreat Notterrible
0:28 Loom
11:09 Feudal Age
11:42 Town Watch
12:27 Double-Bit Axe
13:21 Horse Collar
15:20 Gold Mining
19:06 Castle Age
17:06 Stone Mining
19:56 Town Patrol
22:02 Bow Saw
23:09 Heavy Plow
25:18 Gold Shaft Mining
26:36 Stone Shaft Mining
28:56 Scale Barding Armor
28:52 Scale Mail Armor
28:52 Padded Archer Armor
28:42 Fletching
29:03 Forging
30:00 Chain Barding Armor
30:13 Ballistics
29:49 Murder Holes
29:45 Heated Shot
30:05 Fortified Wall
30:06 Masonry
33:25 Imperial Age
31:59 Wheelbarrow
31:57 Leather Archer Armor
31:58 Chain Mail Armor
31:41 Bodkin Arrow
32:57 Iron Casting
34:41 Crop Rotation
35:54 Chemistry
35:26 Architecture
37:22 Heavy Scorpion
38:48 Hand Cart
38:38 Double Crossbow
38:59 Conscription
38:59 Caravan
40:51 Siege Engineers
41:25 Plate Barding Armor
41:20 Ring Archer Armor
42:40 Bracer
43:41 Blast Furnace
43:12 Tusk Swords
44:17 Husbandry
44:30 Bloodlines
44:07 Elite Battle Elephant
44:12 Light Cavalry
45:54 Hoardings
45:03 Hussar
47:10 Arson
48:01 Pikeman
49:27 Halberdier
54:28 Elite Skirmisher
hugo.halle1
11:48 Feudal Age
12:24 Double-Bit Axe
15:41 Gold Mining
15:35 Horse Collar
24:12 Castle Age
27:42 Gold Shaft Mining
28:53 Padded Archer Armor
28:44 Fletching
29:00 Scale Barding Armor
31:45 Bow Saw
31:53 Leather Archer Armor
32:26 Bodkin Arrow
33:28 Heavy Plow
39:46 Chain Barding Armor
39:36 Forging
39:49 Ballistics
45:18 Imperial Age
43:57 Iron Casting
45:27 Heavy Mounted Crossbowman
45:28 Cranequins
47:18 Chemistry
49:18 Ring Archer Armor
48:49 Bracer
50:57 Plate Barding Armor
53:24 Stone Mining
56:09 Blast Furnace
gokulsurya003
1:06 Loom
11:20 Feudal Age
15:16 Wheelbarrow
15:50 Double-Bit Axe
24:40 Castle Age
23:39 Fletching
27:21 Bodkin Arrow
27:27 Padded Archer Armor
27:42 Forging
27:33 Scale Mail Armor
27:39 Scale Barding Armor
30:47 Hand Cart
32:55 Thumb Ring
33:06 Husbandry
35:02 Caravan
35:34 Coinage
36:54 Leather Archer Armor
36:59 Horse Collar
37:34 Bow Saw
43:31 Chain Barding Armor
43:26 Chain Mail Armor
43:46 Iron Casting
46:26 Imperial Age
46:01 Stone Mining
46:02 Gold Mining
46:10 Gold Mining
46:24 Heavy Plow
46:45 Heavy Cavalry Archer
46:48 Cavalier
46:51 Light Cavalry
48:14 Plate Barding Armor
48:09 Plate Mail Armor
48:10 Ring Archer Armor
47:40 Bracer
48:15 Paladin
48:25 Elite Skirmisher
56:24 Chemistry
55:45 Ballistics
59:56 Logistica
59:47 Greek Fire
60:24 Hoardings
60:12 Conscription
63:37 Gold Shaft Mining
62:58 Imperial Skirmisher
64:01 Hussar
74:03 Pikeman
74:29 Arson
863111034
1:00 Loom
17:16 Feudal Age
18:48 Double-Bit Axe
27:55 Castle Age
27:24 Horse Collar
29:03 Stone Mining
29:10 Gold Mining
32:42 Padded Archer Armor
32:33 Fletching
40:45 Imperial Age
38:55 Leather Archer Armor
40:12 Wheelbarrow
40:49 Elite Rattan Archer
41:56 Bloodlines
43:18 Paper Money
45:43 Hand Cart
46:03 Ring Archer Armor
45:29 Bodkin Arrow
45:35 Scale Mail Armor
47:05 Chemistry
47:41 Forging
50:00 Bracer
50:49 Elite Skirmisher
51:30 Imperial Skirmisher
69:12 Pikeman
69:56 Squires
71:01 Halberdier
72:56 Iron Casting
72:36 Chain Mail Armor
75:04 Plate Mail Armor
Connection lost

Rejoining the realm…

Still unreachable

The connection could not be restored.

Session expired

The server has moved on; the page needs a fresh start.